 Dungeon Crawl Stone Soup version 0.19.5 (webtiles) character file.

116 Shoikan the Cudgeler (level 4, 0/41 HPs)
             Began as a Minotaur Berserker on Mar 20, 2017.
             Was a Believer of Trog.
             Succumbed to a worker ant's poison
             ... on level 3 of the Dungeon.
             The game lasted 00:05:32 (1378 turns).

Shoikan the Cudgeler (Minotaur Berserker)           Turns: 1378, Time: 00:05:33

Health: 0/41       AC: 11    Str: 25    XL:     4   Next: 69%
Magic:  3/3        EV:  9    Int:  4    God:    Trog [**....]
Gold:   131        SH:  0    Dex: 10    Spells: 0 memorised, 3 levels left

rFire  . . .     SeeInvis .     a - +0 mace
rCold  . . .     Gourm    .     i - +0 chain mail
rNeg   . . .     Faith    .     (no shield)
rPois  .         Spirit   .     (helmet restricted)
rElec  .         Reflect  .     (no cloak)
rCorr  .         Harm     .     n - +1 pair of gloves {Str+3}
MR     +....                    (no boots)
Stlth  ..........               (no amulet)
                                (no ring)
                                p - ring of protection from magic

@: lethally poisoned (0 -> -7), exhausted, slowed, very slow
A: retaliatory headbutt, horns 2
a: Berserk, Trog's Hand, Burn Spellbooks, Renounce Religion


You were on level 3 of the Dungeon.
You worshipped Trog.
Trog was pleased with you.
You were very hungry.

You visited 1 branch of the dungeon, and saw 3 of its levels.

You collected 131 gold pieces.

Inventory:

Hand Weapons
 a - a +0 mace (weapon)
Armour
 i - a +0 chain mail (worn)
 n - a +1 pair of gloves of strength (worn)
Jewellery
 o - an uncursed amulet of guardian spirit {unknown}
 p - a ring of protection from magic (left hand)
Scrolls
 d - a scroll of teleportation {unknown}
 e - 2 scrolls of enchant weapon {unknown}
 f - 2 scrolls of identify {unknown}
 g - a scroll of amnesia {unknown}
 h - a scroll of enchant armour {unknown}
 m - a scroll of remove curse {unknown}
 q - a scroll of fear {unknown}
Potions
 j - 2 potions of ambrosia {unknown}
 l - 3 potions of curing {unknown}
Comestibles
 b - 4 chunks of flesh
 c - 4 bread rations
 k - 2 royal jellies


   Skills:
 + Level 4.7 Fighting
 + Level 5.1 Maces & Flails
 + Level 3.3 Armour
 + Level 2.5 Dodging
 + Level 0.1 Stealth


You had 3 spell levels left.
You didn't know any spells.

Dungeon Overview and Level Annotations

Branches:
Dungeon (3/15)

Altars:
Ashenzari


Innate Abilities, Weirdness & Mutations

You reflexively headbutt those who attack you in melee.
You have a pair of horns on your head.


Message History

* * * LOW HITPOINT WARNING * * *
You feel sick.
The frilled lizard bites you but does no damage.
You are too berserk!
You are too berserk!
You closely miss the frilled lizard. You headbutt the frilled lizard.
You kill the frilled lizard!
Trog accepts your kill.
* * * LOW HITPOINT WARNING * * *
You feel sick.
You are too berserk!
You are too berserk!
You feel a strong urge to attack something.
* * * LOW HITPOINT WARNING * * *
You feel sick.
You see here an orc corpse.
You feel your anger subside.
You are no longer berserk.
You are exhausted.
You feel yourself slow down.
You die...

...............
...(.......>...
#...#####
#).......
###(..#####
#.).......#
####†#[...##.#
#.........#
#...@.....#
..####....)..#.##.
.................
###.............
###<.......#.###
#..........#.#
#.#..####### #
#.#..# .....#


There were no monsters in sight!

Vanquished Creatures
  The ghost of pps the Cutter, a weakling HuBe of Trog (D:3)
  A worker ant (D:3)
  2 leopard geckos (D:1)
  4 orcs (D:3)
  2 ball pythons
  4 bats
  3 giant cockroaches
  3 goblins (D:1)
  6 hobgoblins
  2 jackals (D:1)
  5 kobolds
  2 frilled lizards
  7 rats
42 creatures vanquished.

Notes
Turn   | Place    | Note
-------+----------+-------------------------------------------
     0 | D:1      | Shoikan the Minotaur Berserker began the quest for the Orb.
     0 | D:1      | Reached XP level 1. HP: 19/19 MP: 0/0
   169 | D:1      | Reached XP level 2. HP: 26/27 MP: 1/1
   505 | D:1      | Reached skill level 4 in Maces & Flails
   755 | D:2      | Found a shattered altar of Ashenzari.
   790 | D:2      | Reached ** piety under Trog
   791 | D:2      | Reached XP level 3. HP: 32/33 MP: 2/2
  1350 | D:3      | Noticed pps's ghost (weakling HuBe)
  1370 | D:3      | Killed pps's ghost
  1370 | D:3      | Reached skill level 5 in Maces & Flails
  1370 | D:3      | Reached XP level 4. HP: 13/41 MP: 3/3
  1372 | D:3      | HP: 3/61 [poisoned by a worker ant]
  1376 | D:3      | HP: 1/61 [poisoned by a worker ant]
  1378 | D:3      | Succumbed to a worker ant's poison

Skill      XL: |  1  2  3 |
---------------+----------+-----
Maces & Flails | 4 5 |  5.1
Fighting       | 4 |  4.7
Armour         | 3 |  3.3
Dodging        | |  2.5
Stealth        | |  0.1

Action                   |  1- 3 |  4- 6 || total
-------------------------+-------+-------++-------
Melee: Mace              |    74 |     4 ||    78
       Headbutt          |     7 |     2 ||     9
Invok: Berserk           |     1 |       ||     1
  Eat: Chunk             |     1 |       ||     1
Armor: Chain mail        |    63 |     3 ||    66
       Animal skin       |     2 |       ||     2
Dodge: Dodged            |    53 |     4 ||    57
